 Dungeon Crawl Stone Soup version 0.30-a0-728-gc68057be0a (webtiles) character file.

Game seed: 7532850699000939478

537464 Laraso the Invulnerable (level 24, -10/370 HPs)
             Began as an Armataur Berserker on Jan 30, 2023.
             Was the Champion of Trog.
             Mangled by an Orb Guardian (19 damage)
             ... on level 5 of the Realm of Zot.
             The game lasted 01:35:42 (52803 turns).

Laraso the Invulnerable (Armataur Berserker)       Turns: 52803, Time: 01:35:43

Health: -10/370    AC: 58    Str: 42    XL:     24   Next: 63%
Magic:  7/7        EV: 10    Int:  9    God:    Trog [******]
Gold:   3535       SH:  0    Dex: 13    Spells: 23/23 levels left

rFire   + + .      SeeInvis +    a - +9 great mace (antimagic)
rCold   + . .      Faith    .    (shield currently unavailable)
rNeg    . . .      Spirit   .    U - +8 gold dragon scales
rPois   +          Reflect  .    h - +2 helmet
rElec   .          Harm     .    B - +4 dragonskin cloak
rCorr   .          Roll     +    Y - +1 pair of gloves {Str+3}
Will    +....                    D - +2 barding of Fun and Games {Fly} Stlth
                                 g - amulet "Jedokyi" {Regen+ Slay+2 SInv}
HPRegen 1.61/turn                Q - +6 ring of strength
MPRegen 0.10/turn                Z - ring "Kuix" {Wiz rPois rF+ Dex+3}

@: berserking, flying, studying Polearms, very quick
A: large, rugged brown scales 3, deformed body, armoured tail, roll, long
tongue, awkward tongue, talons 1, iridescent scales 1, no potion heal 1
}: 3/15 runes: decaying, serpentine, abyssal
a: Renounce Religion, Berserk, Trog's Hand, Brothers in Arms


You were on level 5 of the Realm of Zot.
You worshipped Trog.
Trog was exalted by your worship.
You visited 8 branches of the dungeon, and saw 43 of its levels.
You visited the Abyss 2 times.
You also visited: Sewer and Ice Cave.

You collected 6004 gold pieces.
You spent 2469 gold pieces at shops.

Inventory:

Hand Weapons
 a - a +9 antimagic great mace (weapon)
 b - the +11 great mace of Perversion {flame, rElec Will+}
   (Trog gifted it to you on level 1 of the Snake Pit)

   rElec:     It insulates you from electricity.
   Will:      It increases your willpower.
 d - a +7 heavy great mace
Missiles
 p - 5 throwing nets (quivered)
 s - 14 boomerangs
 y - 4 boomerangs of dispersal
 C - 13 curare-tipped darts
 F - 13 javelins
 P - 21 atropa-tipped darts
Armour
 h - a +2 helmet (worn)
 w - a scarf of repulsion
 B - the +4 dragonskin cloak (worn)
   (You took it off Tiamat on level 2 of the Realm of Zot)

   Avatar's Aegis: It grants the wearer a chance to resist fire, cold, poison,
   electricity, acid, and negative energy.
 D - the +2 barding of Fun and Games (worn) {Fly}
   (You acquired it on level 3 of the Lair of Beasts)

   Fly:       It grants you flight.
 U - +8 gold dragon scales (worn)
 Y - a +1 pair of gloves of strength (worn)
Jewellery
 g - the amulet "Jedokyi" (around neck) {Regen+ Slay+2 SInv}
   (You acquired it on level 3 of the Dungeon)

   [amulet of regeneration]

   Slay:      It affects your accuracy & damage with ranged weapons and melee
   (+2).
   SInv:      It lets you see invisible.
   Regen:     It increases your rate of health regeneration.
 z - a ring of positive energy
 E - a ring of resist corrosion
 Q - a +6 ring of strength (left hand)
 Z - the ring "Kuix" (right hand) {Wiz rPois rF+ Dex+3}
   (You took it off a skeletal warrior on level 13 of the Dungeon)

   [ring of wizardry]

   It improves your spell success rate.
   Dex:       It affects your dexterity (+3).
   rF:        It protects you from fire.
   rPois:     It protects you from poison.
Wands
 e - a wand of polymorph (9)
 n - a wand of quicksilver (45)
 K - a wand of paralysis (61)
 N - a wand of roots (18)
 O - a wand of mindburst (28)
 T - a wand of digging (15)
Scrolls
 c - a scroll of silence
 i - 2 scrolls of blinking
 j - 12 scrolls of fog
 l - 2 scrolls of butterflies
 o - 4 scrolls of immolation
 u - 9 scrolls of teleportation
 G - 8 scrolls of vulnerability
 R - 4 scrolls of poison
 X - 5 scrolls of fear
Potions
 f - 6 potions of haste
 m - 4 potions of resistance
 r - 7 potions of might
 H - 7 potions of heal wounds
 J - 3 potions of cancellation
 L - 3 potions of invisibility
 M - 7 potions of attraction
 V - 17 potions of curing
Miscellaneous
 k - a lightning rod (4/4)
 q - a phial of floods
 v - a condenser vane
 x - a phantom mirror
 W - a box of beasts


   Skills:
 * Level 22.0 Fighting
 - Level 20.0 Maces & Flails
 - Level 17.3 Throwing
 O Level 27 Armour
 * Level 14.6 Dodging
 - Level 9.0 Evocations


You had 23 spell levels left.
You didn't know any spells.
Your spell library was empty.

Dungeon Overview and Level Annotations

Branches:
Dungeon (15/15)            Temple (0/1) D:7            Lair (5/5) D:9
  Swamp (4/4) Lair:3        Snake (4/4) Lair:3        Slime (0/5) Lair:5
    Orc (2/2) D:9             Elf (0/3) Orc:2        Vaults (4/5) D:14
  Crypt (0/3) Vaults:2     Depths (4/4) D:15            Zot (5/5) Depths:4
  Sewer (visited)           IceCv (visited)

Altars:
Ashenzari
Cheibriados
Elyvilon
Sif Muna
Trog
Uskayaw
Vehumet
Zin
The Shining One
Lugonu

Shops:
D:9 ?   Orc:1 *   Orc:2 :(*[   Vaults:3 ***:   Vaults:4 (   Depths:1 *

Portals:
Hell: Depths:1 Depths:2 Depths:3 Depths:4
Abyss: D:9 Depths:1 Depths:3
Pandemonium: Depths:2
Ziggurat: Depths:3
Trove: Vaults:1 (give 14 scrolls of teleportation)

Annotations:
D:7 2 transporters
D:9 2 transporters, tio's ghost, novice DsWn
D:14 2 transporters, Mostra's ghost, journeyman DjFE
Lair:4 3 runed translucent doors, lotum's ghost, journeyman TeAE
Vaults:2 3 runed translucent doors, garrulousMonolith's ghost, adept GrFi
Depths:3 exclusions: 2 liches and 6 more exclusions
Zot:5 exclusion: orange crystal statue


Innate Abilities, Weirdness & Mutations

You are completely covered in rugged brown scales. (AC +3, +7% HP)
Armour fits poorly on your strangely shaped body.
You have a long armoured tail.
You roll when moving toward enemies. (Rampage)
Your long tongue fully drains potion bottles. (2x potion effects)
Your tongue gives you trouble enunciating. (1.5x scroll delay)
You have sharp toenails.
You are partially covered in iridescent scales. (AC +2)
Potions are less effective at restoring your health.


Message History

The Orb Guardian hits you!!
* * * LOW HITPOINT WARNING * * *
The Orb Guardian closely misses you.
The purple draconian shifter gestures at you while chanting.
The purple draconian shifter blinks!
The red draconian scorcher hits you but does no damage.
You bludgeon the purple draconian shifter!!
The purple draconian shifter's magic leaks into the air.
The purple draconian shifter is moderately wounded.
You are engulfed in blazing flames.
You resist.
Your troll bites the black draconian.
Your troll claws the black draconian!
Your troll completely misses the black draconian.
The green draconian monk hits you.
* * * LOW HITPOINT WARNING * * *
The green draconian monk kicks you but does no damage.
The green draconian monk tail-slaps you but does no damage.
The green draconian monk closely misses you.
The Orb Guardian hits you but does no damage.
You bludgeon the purple draconian shifter!!
The purple draconian shifter's magic leaks into the air.
Your tail-slap misses the purple draconian shifter.
The purple draconian shifter is heavily wounded.
The Orb Guardian hits you but does no damage.
The black draconian breathes lightning at your troll.
The bolt of lightning hits your troll!!!
Your troll dies!
Your troll's corpse disappears in a puff of smoke!
The purple draconian shifter falters for a moment.
The red draconian scorcher hits you with a +0 whip.
* * * LOW HITPOINT WARNING * * *
You closely miss the purple draconian shifter.
Your tail-slap misses the purple draconian shifter.
The purple draconian shifter is heavily wounded.
You are no longer firmly anchored in space.
The green draconian monk hits you but does no damage.
The green draconian monk kicks you but does no damage.
The green draconian monk barely misses you.
The green draconian monk tail-slaps you but does no damage.
The Orb Guardian hits you!!
You die...

**,,,,,,,,,,,,,,,,,,,,,,*,,,,,,
**,.......,,,,,,,,,,,,,,,**,^,,,
*,,.......,,,,^,,,,,,,,,,***,,,,
*,,.......,,,,,,,,,,,,,,,* *****
**,.......,,,,,,,,^,,,,,**
**...^...,,,,,,,,,,,,***
*▓......,^,,,,,,,****
▓▓8....##▓▓▓▓▓▓▓▓▓▓▓#
*#...:.....Xq@X..)...###
**...........qqX..##....##
**,............q...)###...######
*,^........^.d.......###........
*^,..........§.......# ##.......
*,,...............^..# #..^....
*,,..................# ##......
*,,.^................# #......
*,,..................# ##......


You could see a green draconian monk (summoned, berserk), a black draconian
(summoned, slow, catching breath), 2 draconians, 3 Orb Guardians and a red
draconian scorcher (summoned).

Vanquished Creatures
  A dread lich (Zot:5)
  Tiamat (Zot:2)
  3 ancient liches (Zot:5)
  9 orbs of fire
  Sojobo (Depths:2)
  3 Killer Klowns
  Xtahua (Vaults:2)
  4 caustic shrikes (Depths:2)
  2 curse toes (Zot:4)
  13 golden dragons
  2 bone dragons (Depths:4)
  2 electric golems (Zot:5)
  10 Orb Guardians (Zot:5)
  9 tentacled monstrosities
  A titan (Vaults:2)
  2 liches
  6 quicksilver dragons
  13 death cobs
  4 shadow dragons
  2 tentacled starspawn (Abyss:3)
  Agnes (Snake:1)
  9 storm dragons
  Donald (Vaults:1)
  4 nagarajas
  The ghost of Odowim the Spry, an adept DsSu of Gozag (Snake:1)
  14 draconian monks
  4 tengu reavers
  2 fire giants (Depths:1)
  10 draconian knights
  8 frost giants
  2 revenants
  Aizul (Snake:1)
  15 vault wardens
  3 ghost moths
  15 draconian scorchers
  A ghoul (Vaults:2)
  The ghost of Wackeser the Martial Artist, a journeyman OpTm of Gozag (D:13)
  A cacodemon (Abyss:3)
  4 draconian shifters
  4 draconian stormcallers
  5 orc warlords
  8 ironbound thunderhulks
  An angel (Abyss:3)
  6 draconian annihilators
  12 ironbound preservers
  25 very ugly things
  A war gargoyle (Vaults:4)
  17 stone giants
  5 eleionomae
  14 green draconians
  12 white draconians
  19 yellow draconians
  19 black draconians
  2 vampire knights
  18 purple draconians
  9 spark wasps
  11 dire elephants
  14 red draconians
  5 bunyips
  A merfolk javelineer (Depths:1)
  5 ettins
  2 entropy weavers (Abyss:3)
  5 fire dragons
  9 great orbs of eyes
  A fire dragon (shapeshifter) (Vaults:2)
  A merfolk impaler (Depths:1)
  10 yaktaur captains
  2 shambling mangroves (Swamp:3)
  A deep elf high priest (Depths:4)
  4 vault guards
  2 ghost crabs (Swamp:4)
  7 ice dragons
  4 salamander tyrants
  4 rakshasas
  2 peacekeepers
  13 ironbound frosthearts
  24 hydras
  2 spriggan air magi (Depths:3)
  3 ogre magi
  A catoblepas (Lair:4)
  13 anacondas
  14 two-headed ogres
  9 centaur warriors
  2 dancing weapons (D:14)
  3 deep troll shamans
  2 boulder beetles
  7 deep troll earth magi
  6 tengu warriors
  14 death yaks
  12 naga warriors
  7 alligators
  15 naga sharpshooters
  Urug (Orc:2)
  10 shock serpents
  3 spriggan berserkers
  3 vampire magi
  3 orc high priests (Orc:2)
  3 wretched stars (Abyss:3)
  A soul eater (D:10)
  A thrashing horror (Abyss:3)
  6 hell knights (Depths:3)
  4 goliath frogs
  6 salamander mystics
  10 skeletal warriors
  4 iron trolls (Depths:2)
  A sixfirhy (Abyss:3)
  25 deep trolls
  3 sea snakes (Snake:3)
  3 shadow wraiths
  Lodul (D:14)
  11 naga ritualists
  9 wizards
  4 glowing orange brains
  A quicksilver dragon simulacrum (Depths:2)
  7 lindwurms
  A flayed ghost (Depths:2)
  6 spriggan druids
  10 swamp dragons
  A steelbarb worm (shapeshifter) (Depths:4)
  An orange crystal statue (Zot:5)
  3 deep elf pyromancers
  19 ironbound convokers
  4 bog bodies
  3 necromancers
  5 harpies (Vaults:2)
  4 orc knights
  18 mana vipers
  13 starcursed masses (Abyss:3)
  32 ugly things
  A salamander (shapeshifter) (Vaults:2)
  8 salamanders
  3 manticores
  An oklob plant (Lair:5)
  6 orc sorcerers
  5 will-o-the-wisps
  4 cyclopes
  20 vault sentinels
  A worldbinder (Abyss:3)
  17 elephants
  16 moths of wrath
  2 apocalypse crabs (Abyss:3)
  8 guardian serpents
  A rust devil (D:10)
  30 black mambas
  A smoke demon (Abyss:3)
  An ice statue (IceCv)
  15 naga magi
  2 gargoyles
  4 unseen horrors
  A torpor snail (Lair:4)
  Maggie (Lair:2)
  2 orange demons
  21 cane toads
  2 rime drakes (Lair:4)
  An efreet (D:13)
  34 yaktaurs
  2 tengu conjurers
  7 komodo dragons
  2 ancient zymes (Abyss:3)
  A freezing wraith (Vaults:2)
  15 trolls
  2 red devils (D:10)
  3 meliai (D:13)
  14 polar bears
  11 tyrant leeches
  13 hornets
  34 blink frogs
  A dream sheep (D:12)
  10 slime creatures
  2 shadows (D:12)
  A centaur simulacrum (D:13)
  7 spriggans
  A vampire (D:14)
  44 yaks
  A ynoxinul (D:10)
  2 water elementals
  2 wraiths
  6 basilisks
  9 large abominations
  8 wyverns
  4 steam dragons
  3 chaos spawn
  26 vampire mosquitoes
  A spriggan simulacrum (Depths:2)
  16 swamp worms
  3 wargs
  A warg (shapeshifter) (D:13)
  50 nagas
  A human zombie (Depths:2)
  5 acid dragons
  The ghost of Nabski the Firebug, an amateur TeFE (D:4)
  2 floating eyes
  8 swamp drakes
  10 water moccasins
  51 orc warriors
  3 ice beasts
  20 ogres
  A sky beast (D:7)
  5 black bears
  An ogre (shapeshifter) (Abyss:3)
  24 wolves
  8 small abominations
  3 phantoms
  4 centaurs
  A kobold brigand (D:7)
  18 bullfrogs
  2 necrophages
  2 gnoll sergeants
  A scorpion (D:5)
  4 wights (D:9)
  5 killer bees (D:9)
  6 spriggan skeletons (D:14)
  7 electric eels
  4 vampire bats (D:14)
  A troll skeleton (D:14)
  5 howler monkeys
  A crimson imp (D:6)
  A quasit (Abyss:3)
  10 hounds
  A jelly (D:7)
  28 orc priests
  A gnoll bouda (D:9)
  Terence (D:2)
  7 iguanas
  41 orc wizards
  12 adders
  15 gnolls
  3 white imps
  2 ufetubi
  A worm (D:2)
  3 dart slugs
  112 orcs
  8 endoplasms
  9 giant cockroaches
  4 goblins
  13 hobgoblins
  2 jackals (D:3)
  12 kobolds
  10 quokkas
  9 ball pythons
  11 bats
  8 frilled lizards
  6 rats
  A lurking horror (Abyss:3)
  2 starspawn tentacles (Abyss:3)
1887 creatures vanquished.

Vanquished Creatures (collateral kills)
  A vault warden (Vaults:2)
  A draconian annihilator (Zot:1)
  The ghost of Pacasmen the Cleaver, a journeyman DsGl of Hepliaklqana (Snake:3)
  A very ugly thing (Vaults:2)
  A green draconian (Zot:1)
  2 hydras
  An anaconda (Snake:1)
  A skeletal warrior (D:12)
  A guardian serpent (Snake:3)
  A naga mage (Snake:1)
  A vault sentinel (Vaults:2)
  A black mamba (Snake:1)
  A yaktaur (Vaults:2)
  A tyrant leech (Swamp:4)
  3 yaks (Lair:2)
  A naga (Snake:1)
  A swamp worm (Swamp:4)
  A bullfrog (Lair:2)
  A starcursed mass (Abyss:3)
22 creatures vanquished.

Vanquished Creatures (others)
  An alligator (Swamp:4)
  2 bloated husks
  2 tyrant leeches
  An orc (Orc:2)
  21 foxfires
  32 fungi
  92 plants
  11 starspawn tentacles (Abyss:3)
162 creatures vanquished.

Grand Total: 2071 creatures vanquished

Notes
Turn   | Place    | Note
-------+----------+-------------------------------------------
     0 | D:1      | Laraso the Armataur Berserker began the quest for the Orb.
     0 | D:1      | Reached XP level 1. HP: 19/19 MP: 1/1
   338 | D:1      | Reached XP level 2. HP: 23/26 MP: 2/2
   850 | D:2      | Reached XP level 3. HP: 32/32 MP: 3/3
   917 | D:2      | Identified the +2 dagger of Moffe {pain, Fragile Fly rN++
                  | Dex+8}
   928 | D:2      | Noticed Terence
   937 | D:2      | Killed Terence
   938 | D:2      | Reached skill level 1 in Throwing
   999 | D:2      | Reached XP level 4. HP: 39/39 MP: 4/4
  1196 | D:2      | Reached ** piety under Trog
  1622 | D:2      | Reached XP level 5. HP: 24/44 MP: 5/5
  1827 | D:3      | Reached skill level 5 in Maces & Flails
  2191 | D:3      | Identified a scroll of acquirement
  2191 | D:3      | Acquired the amulet "Jedokyi" {Regen+ Slay+2 SInv}
  2208 | D:4      | Found a runed translucent gate.
  2208 | D:4      | Found a runed translucent gate.
  2208 | D:4      | Found a runed translucent gate.
  2213 | D:4      | Noticed Nabski's ghost (amateur TeFE)
  2249 | D:4      | Reached *** piety under Trog
  2273 | D:4      | Reached XP level 6. HP: 49/53 MP: 6/6
  2569 | D:4      | Found a glowing drain.
  2584 | Sewer    | Entered a sewer
  2678 | Sewer    | Reached **** piety under Trog
  2749 | Sewer    | Reached XP level 7. HP: 59/59 MP: 7/7
  2860 | D:4      | Found a large runed translucent door.
  2861 | D:4      | Found a large runed translucent door.
  3507 | D:4      | Found a radiant altar of Vehumet.
  3513 | D:4      | Found a bloodstained altar of Trog.
  3591 | D:4      | Killed Nabski's ghost
  3650 | D:5      | Entered Level 5 of the Dungeon
  3783 | D:5      | Reached XP level 8. HP: 65/66 MP: 8/8
  4238 | D:5      | Found a broken altar of Ashenzari.
  4649 | D:5      | Reached skill level 10 in Maces & Flails
  4772 | D:6      | Reached skill level 3 in Armour
  4967 | D:6      | Reached XP level 9. HP: 74/74 MP: 9/9
  5327 | D:6      | Reached skill level 4 in Armour
  5658 | D:7      | Reached ***** piety under Trog
  5882 | D:7      | Found a transporter.
  5885 | D:7      | Noticed a cyan ugly thing
  5885 | D:7      | Noticed a white ugly thing
  5886 | D:7      | Found a corrupted altar of Lugonu.
  5886 | D:7      | Noticed a purple ugly thing
  5888 | D:7      | Noticed a purple ugly thing
  5974 | D:7      | Reached skill level 5 in Fighting
  6133 | D:7      | Found a transporter.
  6184 | D:7      | Found a staircase to the Ecumenical Temple.
  6552 | D:8      | Reached XP level 10. HP: 86/86 MP: 10/10
  7061 | D:9      | Noticed a wizard
  7061 | D:9      | Noticed a great orb of eyes
  7062 | D:9      | Found a transporter.
  7064 | D:9      | Found a transporter.
  7064 | D:9      | Noticed a toenail golem
  7108 | D:9      | Found a one-way gate to the infinite horrors of the Abyss.
  7108 | D:9      | Noticed tio's ghost (novice DsWn)
  7109 | D:9      | Noticed a skeletal warrior
  7116 | D:9      | Received a gift from Trog
  7159 | D:9      | Found a staircase to the Orcish Mines.
  7221 | D:9      | Found a staircase to the Lair.
  7304 | D:9      | Noticed a two-headed ogre
  7313 | D:9      | Killed a two-headed ogre
  7320 | D:9      | Found The Oracle's Delphic Readings.
  7326 | D:9      | Bought a scroll of blinking for 97 gold pieces
  7326 | D:9      | Bought a scroll of teleportation for 39 gold pieces
  7326 | D:9      | Bought a scroll of blinking for 97 gold pieces
  8042 | D:10     | Entered Level 10 of the Dungeon
  8188 | D:10     | Noticed a rust devil
  8188 | D:10     | Noticed a soul eater
  8207 | D:10     | Killed a soul eater
  8210 | D:10     | Killed a rust devil
  8372 | D:10     | Noticed a two-headed ogre
  8378 | D:10     | Killed a two-headed ogre
  8379 | D:10     | Reached XP level 11. HP: 92/92 MP: 11/11
  8456 | D:10     | Reached skill level 1 in Evocations
  8724 | D:10     | Found a snail-covered altar of Cheibriados.
  8936 | D:10     | You fall into a shaft and drop 1 floor!
  9150 | D:11     | Reached skill level 5 in Armour
  9388 | D:11     | Noticed a two-headed ogre
  9394 | D:11     | Killed a two-headed ogre
  9578 | Lair:1   | Entered Level 1 of the Lair of Beasts
  9593 | Lair:1   | Reached skill level 5 in Throwing
  9604 | Lair:1   | Reached skill level 6 in Armour
  9668 | Lair:1   | Noticed a death yak
  9671 | Lair:1   | Reached skill level 7 in Armour
  9683 | Lair:1   | Killed a death yak
  9967 | Lair:1   | Noticed a death yak
  9968 | Lair:1   | Noticed a death yak
  9975 | Lair:1   | Killed a death yak
  9976 | Lair:1   | Reached XP level 12. HP: 107/107 MP: 12/12
  9978 | Lair:1   | Killed a death yak
 10388 | Lair:1   | Reached ****** piety under Trog
 10893 | Lair:2   | Noticed Maggie
 10898 | Lair:2   | Killed Maggie
 11096 | Lair:2   | Identified the +1 chain mail of Resourcefulness {Contam
                  | Harm +Blink Dex+5}
 11131 | Lair:2   | Received a gift from Trog
 11211 | Lair:2   | Noticed a seven-headed hydra
 11216 | Lair:2   | Killed a seven-headed hydra
 11284 | Lair:2   | Reached skill level 15 in Maces & Flails
 11437 | Lair:3   | Found a staircase to the Swamp.
 11601 | Lair:3   | Found a staircase to the Snake Pit.
 11773 | Lair:3   | Found a frozen archway.
 11784 | IceCv    | Entered an ice cave
 11803 | IceCv    | Reached skill level 10 in Fighting
 11896 | IceCv    | Reached XP level 13. HP: 108/120 MP: 13/13
 12336 | IceCv    | Received a gift from Trog
 13119 | Lair:3   | Acquired the +2 barding of Fun and Games {Fly}
 13319 | Lair:4   | Found a runed translucent gate.
 13319 | Lair:4   | Found a runed translucent gate.
 13322 | Lair:4   | Found a runed translucent gate.
 13326 | Lair:4   | Noticed lotum's ghost (journeyman TeAE)
 14024 | Lair:5   | Entered Level 5 of the Lair of Beasts
 14033 | Lair:5   | Reached XP level 14. HP: 116/134 MP: 14/14
 14221 | Lair:5   | Reached skill level 8 in Armour
 14374 | Lair:5   | Reached skill level 9 in Armour
 14598 | Lair:5   | Reached skill level 10 in Armour
 14710 | Lair:5   | Identified the +1 leather armour of the Desert {Rampage rC+
                  | Str-5 Dex+4}
 14729 | Lair:5   | Reached skill level 11 in Armour
 14763 | Lair:5   | Reached skill level 12 in Armour
 14870 | Lair:5   | Found a staircase to the Slime Pits.
 15810 | D:12     | Found a huge runed translucent gate.
 15810 | D:12     | Found a huge runed translucent gate.
 15810 | D:12     | Found a huge runed translucent gate.
 15810 | D:12     | Found a huge runed translucent gate.
 15956 | D:12     | Received a gift from Trog
 16867 | D:13     | Reached XP level 15. HP: 123/141 MP: 5/15
 16984 | D:13     | Identified the ring "Kuix" {Wiz rPois rF+ Dex+3}
 17277 | Orc:1    | Entered Level 1 of the Orcish Mines
 17453 | Orc:2    | Entered Level 2 of the Orcish Mines
 17453 | Orc:2    | Noticed Urug
 17475 | Orc:1    | Received a gift from Trog
 17794 | Orc:2    | Killed Urug
 18708 | Orc:2    | Found a staircase to the Elven Halls.
 18951 | Orc:2    | Paralysed by an orc sorcerer for 4 turns
 18957 | Orc:2    | Received a gift from Trog
 19044 | Orc:2    | Found Topeg's Antique Armour Shoppe.
 19045 | Orc:2    | Found Sycy's Antique Weapon Shoppe.
 19047 | Orc:2    | Found Cidghifu's General Store.
 19047 | Orc:2    | Found Sammy's Book Emporium.
 19052 | Orc:2    | Bought a scroll of magic mapping for 127 gold pieces
 19272 | Orc:1    | Found Yrphasad's Assorted Antiques.
 19277 | Orc:1    | Bought 3 scrolls of blinking for 427 gold pieces
 19882 | D:13     | HP: 7/143 [centaur warrior (7)]
 19964 | D:13     | Found a runed translucent gate.
 19964 | D:13     | Found a runed translucent gate.
 19965 | D:13     | Found a runed translucent gate.
 19966 | D:13     | Noticed Wackeser's ghost (journeyman OpTm)
 20032 | D:13     | Received a gift from Trog
 20164 | D:13     | Reached skill level 13 in Armour
 20416 | D:13     | Identified the +0 halberd of the Wasteland {venom, rCorr}
 20573 | D:13     | Killed Wackeser's ghost
 20691 | D:14     | Found a gate to the Vaults.
 20698 | D:14     | Reached XP level 16. HP: 141/150 MP: 16/16
 20816 | D:14     | Found a transporter.
 20817 | D:14     | Noticed Mostra's ghost (journeyman DjFE)
 20834 | D:14     | Found a transporter.
 21078 | D:14     | Noticed Lodul
 21090 | D:14     | Killed Lodul
 21614 | D:15     | Entered Level 15 of the Dungeon
 21632 | D:15     | Reached skill level 14 in Armour
 21765 | D:15     | Found a hide-covered altar of Uskayaw.
 21989 | D:15     | Found a staircase to the Depths.
 22332 | Snake:1  | Entered Level 1 of the Snake Pit
 22594 | Snake:1  | Noticed Agnes
 22604 | Snake:1  | Killed Agnes
 22605 | Snake:1  | Identified the +11 great mace of Perversion {flame, rElec
                  | Will+} (Trog gifted it to you on level 1 of the Snake Pit)
 22605 | Snake:1  | Received a gift from Trog
 22705 | Snake:1  | Found a runed translucent gate.
 22787 | Snake:1  | Noticed Aizul
 22803 | Snake:1  | Killed Aizul
 22804 | Snake:1  | Reached skill level 15 in Armour
 23140 | Snake:1  | Noticed Odowim's ghost (adept DsSu)
 23147 | Snake:1  | Found a runed translucent gate.
 23167 | Snake:1  | Found a runed translucent gate.
 23523 | Snake:1  | Killed Odowim's ghost
 23680 | Snake:2  | Reached skill level 15 in Fighting
 23830 | Snake:2  | Reached skill level 5 in Dodging
 23928 | Snake:2  | Found a bloodstained altar of Trog.
 24391 | Snake:3  | Found a runed translucent gate.
 24392 | Snake:3  | Found a runed translucent gate.
 24392 | Snake:3  | Noticed Pacasmen's ghost (journeyman DsGl)
 24394 | Snake:3  | Found a runed translucent gate.
 24470 | Snake:3  | Killed Pacasmen's ghost
 24610 | Snake:3  | Identified the ring "Nittag" {Wiz Dex+7}
 24778 | Snake:3  | Reached XP level 17. HP: 154/166 MP: 17/17
 24894 | Snake:3  | Found a transporter.
 24897 | Snake:3  | Found a shimmering blue altar of Sif Muna.
 25006 | Snake:3  | Identified the ring "Mogarod" {Ice Slay+3 Stlth+}
 25104 | Snake:3  | Found a transporter.
 25137 | Snake:3  | Received a gift from Trog
 25325 | Snake:3  | Reached skill level 10 in Dodging
 25822 | Snake:4  | Entered Level 4 of the Snake Pit
 26255 | Snake:4  | Gained mutation: You expend magic power (3 MP) to
                  | strengthen your wands. [potion of mutation]
 26255 | Snake:4  | Gained mutation: You are robust. (+10% HP) [potion of
                  | mutation]
 26255 | Snake:4  | Gained mutation: Your muscles are strong. (Str +4, Int/Dex
                  | -1) [potion of mutation]
 26255 | Snake:4  | Gained mutation: You are very robust. (+20% HP) [potion of
                  | mutation]
 26255 | Snake:4  | Gained mutation: You are resistant to electric shocks.
                  | (rElec) [potion of mutation]
 26489 | Snake:4  | Received a gift from Trog
 26615 | Snake:4  | Reached skill level 5 in Evocations
 27229 | Snake:4  | Received a gift from Trog
 27441 | Snake:4  | Got a serpentine rune of Zot
 27764 | Swamp:1  | Entered Level 1 of the Swamp
 27815 | Swamp:1  | Reached XP level 18. HP: 192/207 MP: 18/18
 28788 | Swamp:2  | Received a gift from Trog
 28800 | Swamp:2  | Identified the ring of the Pariah {Int+4 Dex+6}
 29575 | Swamp:4  | Entered Level 4 of the Swamp
 30125 | Swamp:4  | Reached skill level 16 in Armour
 30213 | Swamp:4  | Received a gift from Trog
 30668 | Swamp:4  | Got a decaying rune of Zot
 30816 | Swamp:4  | Identified the amulet of Baix {RegenMP Dex+3}
 31165 | Vaults:1 | Entered Level 1 of the Vaults
 31231 | Vaults:1 | Noticed Donald
 31251 | Vaults:1 | Killed Donald
 32317 | Vaults:1 | Reached skill level 17 in Armour
 32467 | Vaults:1 | Found a portal to a secret trove of treasure.
 32500 | Vaults:1 | Reached XP level 19. HP: 191/218 MP: 19/19
 32516 | Vaults:1 | Received a gift from Trog
 33017 | Vaults:2 | Found a staircase to the Crypt.
 33288 | Vaults:2 | HP: 4/220 [vault warden/+2 heavy long sword (11)]
 33298 | Vaults:2 | Noticed Xtahua
 33300 | Vaults:2 | HP: 11/220 [Xtahua/searing blast (43)]
 33561 | Vaults:1 | Reached skill level 18 in Armour
 33761 | Vaults:2 | Received a gift from Trog
 33972 | Vaults:2 | Found a runed translucent gate.
 33972 | Vaults:2 | Found a runed translucent gate.
 33975 | Vaults:2 | Found a runed translucent gate.
 33976 | Vaults:2 | Noticed garrulousMonolith's ghost (adept GrFi)
 34147 | Vaults:2 | Killed Xtahua
 34167 | Abyss:3  | Cast into level 3 of the Abyss (a wizard)
 34423 | Abyss:3  | Paralysed by accursed screaming for 1 turns
 34441 | Abyss:3  | HP: 8/224 [tentacled starspawn (15)]
 34476 | Abyss:3  | Reached skill level 19 in Armour
 34499 | Abyss:3  | Got an abyssal rune of Zot
 34511 | Vaults:2 | Escaped the Abyss
 34520 | Vaults:2 | HP: 4/189 [lindwurm/blast of flame (8)]
 34650 | Vaults:2 | Acquired a manual of Throwing
 34976 | Vaults:2 | Identified the +1 chain mail of Heamitz {Str+3}
 35073 | Vaults:2 | Received a gift from Trog
 35303 | Vaults:2 | Reached XP level 20. HP: 186/237 MP: 20/20
 35575 | Abyss:3  | Cast into level 3 of the Abyss (a wizard)
 35590 | Vaults:3 | Escaped the Abyss
 35610 | Vaults:3 | Reached skill level 20 in Armour
 35816 | Vaults:3 | Found Aduel's Book Shop.
 35931 | Vaults:3 | Found Bonnufamn's General Store.
 35938 | Vaults:3 | Bought a condenser vane for 440 gold pieces
 36495 | Vaults:3 | Found Ceig's Assorted Antiques.
 36501 | Vaults:3 | Bought a scroll of enchant weapon for 277 gold pieces
 36501 | Vaults:3 | Bought a scroll of vulnerability for 148 gold pieces
 36501 | Vaults:3 | Bought a scroll of magic mapping for 277 gold pieces
 36534 | Vaults:3 | Found Nudesk's Assorted Antiques.
 36609 | Vaults:3 | Paralysed by a great orb of eyes for 2 turns
 36686 | Vaults:3 | Identified the +7 dagger "Fuckip Wyrr" {heavy, rPois} (Trog
                  | gifted it to you on level 3 of the Vaults)
 36686 | Vaults:3 | Received a gift from Trog
 37067 | Vaults:3 | Bought a potion of heal wounds for 180 gold pieces
 37067 | Vaults:3 | Bought a potion of heal wounds for 180 gold pieces
 37868 | Vaults:4 | Reached skill level 10 in Throwing
 38260 | Vaults:4 | Found Huebec's Antique Weapon Boutique.
 38736 | Depths:1 | Entered Level 1 of the Depths
 39238 | Depths:1 | Found Ydemp's Neck Hole.
 39240 | Depths:1 | Received a gift from Trog
 39248 | Depths:1 | Bought a scarf of repulsion for 180 gold pieces
 39349 | Depths:1 | Reached XP level 21. HP: 236/255 MP: 21/21
 39459 | Depths:1 | Found a gateway to Hell.
 40044 | Depths:2 | Noticed Sojobo
 40057 | Depths:2 | Killed Sojobo
 40064 | Depths:2 | Reached skill level 15 in Throwing
 40505 | Depths:2 | Found a one-way gate leading to the halls of Pandemonium.
 40550 | Depths:2 | Identified the +4 falchion of Evolution {flame, Will+
                  | Int+3}
 40561 | Depths:2 | Received a gift from Trog
 40781 | Depths:2 | Paralysed by a floating eye for 3 turns
 41057 | Depths:2 | Noticed a caustic shrike
 41057 | Depths:2 | Noticed a caustic shrike
 41058 | Depths:2 | Noticed a caustic shrike
 41058 | Depths:2 | Noticed a caustic shrike
 41077 | Depths:2 | Killed a caustic shrike
 41286 | Depths:2 | Killed a caustic shrike
 41294 | Depths:2 | Killed a caustic shrike
 41404 | Depths:2 | Killed a caustic shrike
 41510 | Depths:2 | Identified the +1 ring mail of Hairiness {rElec}
 42042 | Depths:3 | Noticed a golden dragon
 42051 | Depths:3 | Killed a golden dragon
 42125 | Depths:3 | Noticed a golden dragon
 42133 | Depths:3 | Killed a golden dragon
 42149 | Depths:3 | Received a gift from Trog
 42165 | Depths:3 | Found a one-way gateway to a ziggurat.
 42449 | Depths:3 | Noticed a golden dragon
 42455 | Depths:3 | Killed a golden dragon
 42933 | Depths:4 | Entered Level 4 of the Depths
 42937 | Depths:4 | Noticed a golden dragon
 43093 | Depths:4 | Killed a golden dragon
 43108 | Depths:4 | Reached skill level 21 in Armour
 43269 | Depths:4 | Reached XP level 22. HP: 204/265 MP: 22/22
 43351 | Depths:4 | Identified the +5 war axe "Qyahynwu" {flame, +Blink rF+
                  | Str+3 Dex+2}
 43500 | Depths:4 | Found a gate to the Realm of Zot.
 43520 | Depths:4 | Received a gift from Trog
 43551 | Depths:4 | Reached skill level 22 in Armour
 43618 | Depths:4 | Identified the +5 eveningstar of Sin {vamp, rN+ rCorr Str-4
                  | Int+3}
 44134 | Depths:4 | Found a glowing golden altar of the Shining One.
 44134 | Depths:4 | Found a glowing silver altar of Zin.
 44134 | Depths:4 | Found a white marble altar of Elyvilon.
 44245 | Zot:1    | Entered Level 1 of the Realm of Zot
 44686 | Zot:1    | Reached skill level 23 in Armour
 44733 | Zot:1    | Noticed an orb of fire
 44748 | Zot:1    | Killed an orb of fire
 45830 | Zot:2    | Received a gift from Trog
 45831 | Zot:2    | Reached skill level 24 in Armour
 45885 | Zot:2    | Noticed a golden dragon
 45901 | Zot:2    | Killed a golden dragon
 46182 | Zot:2    | Found the +4 dragonskin cloak
 46182 | Zot:2    | Noticed Tiamat
 46554 | Zot:2    | Noticed an orb of fire
 46567 | Zot:2    | Killed an orb of fire
 46568 | Zot:2    | Reached skill level 25 in Armour
 46591 | Zot:2    | Killed Tiamat
 47070 | Zot:2    | Reached XP level 23. HP: 265/273 MP: 23/23
 47238 | Zot:3    | Received a gift from Trog
 47268 | Zot:3    | Reached skill level 26 in Armour
 47878 | Zot:3    | Reached skill level 27 in Armour
 48301 | Zot:3    | Received a gift from Trog
 49036 | Zot:4    | Noticed a Killer Klown
 49049 | Zot:4    | Killed a Killer Klown
 49513 | Zot:4    | Noticed a curse toe
 49524 | Zot:4    | Noticed an orb of fire
 49526 | Zot:4    | Killed a curse toe
 49526 | Zot:4    | Gained mutation: You do not regenerate when monsters are
                  | visible. [an orb of fire]
 49540 | Zot:4    | Killed an orb of fire
 49809 | Zot:4    | Noticed an orb of fire
 49825 | Zot:4    | Gained mutation: You occasionally lose the ability to drink
                  | potions when taking damage. [an orb of fire]
 49825 | Zot:4    | Gained mutation: Potions are less effective at restoring
                  | your health. [an orb of fire]
 49842 | Zot:4    | Killed an orb of fire
 49867 | Zot:4    | Lost mutation: You occasionally lose the ability to drink
                  | potions when taking damage. [potion of mutation]
 49867 | Zot:4    | Lost mutation: Potions are less effective at restoring your
                  | health. [potion of mutation]
 49867 | Zot:4    | Lost mutation: Your muscles are strong. (Str +4, Int/Dex
                  | -1) [potion of mutation]
 49867 | Zot:4    | Lost mutation: You expend magic power (3 MP) to strengthen
                  | your wands. [potion of mutation]
 49867 | Zot:4    | Gained mutation: Your body sometimes deteriorates upon
                  | taking damage. [potion of mutation]
 49867 | Zot:4    | Gained mutation: You have large cloven feet. [potion of
                  | mutation]
 49867 | Zot:4    | Gained mutation: You are partially covered in iridescent
                  | scales. (AC +2) [potion of mutation]
 50699 | Zot:5    | Entered Level 5 of the Realm of Zot
 51033 | Zot:5    | Noticed a curse toe
 51149 | Zot:4    | Killed a curse toe
 51152 | Zot:4    | Received a gift from Trog
 51356 | Zot:5    | Reached XP level 24. HP: 211/289 MP: 23/23
 51810 | Zot:5    | Noticed a dread lich
 51817 | Zot:5    | Noticed an ancient lich
 51819 | Zot:5    | Noticed an ancient lich
 51822 | Zot:5    | Killed a dread lich
 51828 | Zot:5    | Killed an ancient lich
 51846 | Zot:5    | Killed an ancient lich
 51965 | Zot:5    | Noticed an orb of fire
 51981 | Zot:5    | Killed an orb of fire
 52239 | Zot:5    | Received a gift from Trog
 52255 | Zot:5    | Noticed an ancient lich
 52268 | Zot:5    | Killed an ancient lich
 52272 | Zot:5    | Noticed an orb of fire
 52274 | Zot:5    | Noticed an orb of fire
 52283 | Zot:5    | Killed an orb of fire
 52285 | Zot:5    | Gained mutation: You are weak. (Str -2) [an orb of fire]
 52292 | Zot:5    | Killed an orb of fire
 52303 | Zot:5    | Noticed a Killer Klown
 52317 | Zot:5    | Killed a Killer Klown
 52447 | Zot:5    | Noticed an orb of fire
 52453 | Zot:5    | Killed an orb of fire
 52569 | Zot:5    | Noticed a Killer Klown
 52587 | Zot:5    | Killed a Killer Klown
 52682 | Zot:5    | Noticed an orb of fire
 52685 | Zot:5    | Gained mutation: You are occasionally teleported next to
                  | monsters. [an orb of fire]
 52689 | Zot:5    | Gained mutation: You are clumsy. (Dex -2) [an orb of fire]
 52704 | Zot:5    | Killed an orb of fire
 52746 | Zot:5    | Lost mutation: You are clumsy. (Dex -2) [potion of
                  | mutation]
 52746 | Zot:5    | Lost mutation: You are weak. (Str -2) [potion of mutation]
 52746 | Zot:5    | Lost mutation: You are resistant to electric shocks.
                  | (rElec) [potion of mutation]
 52746 | Zot:5    | Lost mutation: You are very robust. (+20% HP) [potion of
                  | mutation]
 52746 | Zot:5    | Gained mutation: You are very robust. (+20% HP) [potion of
                  | mutation]
 52746 | Zot:5    | Gained mutation: Your flesh is cold resistant. (rC+)
                  | [potion of mutation]
 52747 | Zot:5    | Lost mutation: You are very robust. (+20% HP) [potion of
                  | mutation]
 52747 | Zot:5    | Lost mutation: You do not regenerate when monsters are
                  | visible. [potion of mutation]
 52747 | Zot:5    | Lost mutation: You are occasionally teleported next to
                  | monsters. [potion of mutation]
 52747 | Zot:5    | Lost mutation: You have large cloven feet. [potion of
                  | mutation]
 52747 | Zot:5    | Lost mutation: You are partially covered in iridescent
                  | scales. (AC +2) [potion of mutation]
 52747 | Zot:5    | Lost mutation: Your flesh is cold resistant. (rC+) [potion
                  | of mutation]
 52747 | Zot:5    | Gained mutation: You are resistant to electric shocks.
                  | (rElec) [potion of mutation]
 52747 | Zot:5    | Gained mutation: You occasionally lose the ability to read
                  | scrolls when taking damage. [potion of mutation]
 52747 | Zot:5    | Gained mutation: Your mind is acute. (Int +4, Str/Dex -1)
                  | [potion of mutation]
 52747 | Zot:5    | Gained mutation: You have sharp toenails. [potion of
                  | mutation]
 52747 | Zot:5    | Gained mutation: Your muscles are strong. (Str +4, Int/Dex
                  | -1) [potion of mutation]
 52748 | Zot:5    | Lost mutation: You are resistant to electric shocks.
                  | (rElec) [potion of mutation]
 52748 | Zot:5    | Lost mutation: Your body sometimes deteriorates upon taking
                  | damage. [potion of mutation]
 52748 | Zot:5    | Lost mutation: Your muscles are strong. (Str +4, Int/Dex
                  | -1) [potion of mutation]
 52748 | Zot:5    | Lost mutation: Your mind is acute. (Int +4, Str/Dex -1)
                  | [potion of mutation]
 52748 | Zot:5    | Gained mutation: You are partially covered in iridescent
                  | scales. (AC +2) [potion of mutation]
 52748 | Zot:5    | Gained mutation: You are occasionally teleported next to
                  | monsters. [potion of mutation]
 52748 | Zot:5    | Lost mutation: You are occasionally teleported next to
                  | monsters. [potion of mutation]
 52748 | Zot:5    | Gained mutation: You occasionally lose the ability to drink
                  | potions when taking damage. [potion of mutation]
 52748 | Zot:5    | Gained mutation: Your muscles are strong. (Str +4, Int/Dex
                  | -1) [potion of mutation]
 52749 | Zot:5    | Lost mutation: You are partially covered in iridescent
                  | scales. (AC +2) [potion of mutation]
 52749 | Zot:5    | Lost mutation: You occasionally lose the ability to drink
                  | potions when taking damage. [potion of mutation]
 52749 | Zot:5    | Lost mutation: You are robust. (+10% HP) [potion of
                  | mutation]
 52749 | Zot:5    | Lost mutation: You occasionally lose the ability to read
                  | scrolls when taking damage. [potion of mutation]
 52749 | Zot:5    | Gained mutation: You have a pair of small horns on your
                  | head. [potion of mutation]
 52749 | Zot:5    | Gained mutation: You have very sharp teeth. [potion of
                  | mutation]
 52749 | Zot:5    | Gained mutation: You are frail. (-10% HP) [potion of
                  | mutation]
 52749 | Zot:5    | Gained mutation: You expend magic power (3 MP) to
                  | strengthen your wands. [potion of mutation]
 52749 | Zot:5    | Lost mutation: Your muscles are strong. (Str +4, Int/Dex
                  | -1) [potion of mutation]
 52749 | Zot:5    | Gained mutation: Your muscles are strong. (Str +4, Int/Dex
                  | -1) [potion of mutation]
 52756 | Zot:5    | Lost mutation: You are frail. (-10% HP) [potion of
                  | mutation]
 52756 | Zot:5    | Lost mutation: You expend magic power (3 MP) to strengthen
                  | your wands. [potion of mutation]
 52756 | Zot:5    | Lost mutation: Your muscles are strong. (Str +4, Int/Dex
                  | -1) [potion of mutation]
 52756 | Zot:5    | Lost mutation: You have very sharp teeth. [potion of
                  | mutation]
 52756 | Zot:5    | Gained mutation: You occasionally lose the ability to read
                  | scrolls when taking damage. [potion of mutation]
 52756 | Zot:5    | Gained mutation: Your magical capacity is low. (-10% MP)
                  | [potion of mutation]
 52756 | Zot:5    | Gained mutation: You possess an exceptional clarity of
                  | mind. [potion of mutation]
 52757 | Zot:5    | Lost mutation: You occasionally lose the ability to read
                  | scrolls when taking damage. [potion of mutation]
 52757 | Zot:5    | Lost mutation: You have sharp toenails. [potion of
                  | mutation]
 52757 | Zot:5    | Lost mutation: You have a pair of small horns on your head.
                  | [potion of mutation]
 52757 | Zot:5    | Lost mutation: You possess an exceptional clarity of mind.
                  | [potion of mutation]
 52757 | Zot:5    | Lost mutation: Your magical capacity is low. (-10% MP)
                  | [potion of mutation]
 52757 | Zot:5    | Gained mutation: You are partially covered in iridescent
                  | scales. (AC +2) [potion of mutation]
 52757 | Zot:5    | Gained mutation: Potions are less effective at restoring
                  | your health. [potion of mutation]
 52757 | Zot:5    | Gained mutation: You have sharp toenails. [potion of
                  | mutation]
 52800 | Zot:5    | HP: 14/370 [Orb Guardian (22)]
 52803 | Zot:5    | Mangled by an Orb Guardian

Illustrated notes

Levels and vault maps discovered:
D:1:      saegor_arrival_simple_c, layout_basic, st_stairs_8
D:2:      minmay_diamond_boxcup, layout_basic, uniq_terence
D:3:      layout_rooms, serial_curves, eino_curves_02, eino_curves_01
D:4:      layout_layer_cave, jmf_multi_god_temple2, portal_sewer_entry_d,
          gammafunk_ghost_split
D:5:      layout_gridville, nicolae_ashenzari_panopticon, item_on_display_a
D:6:      layout_cave_pods, hangedman_decor_opposing, minmay_misc_feat_tower,
          grunt_decor_junction, minmay_fire_ice_demons
D:7:      gammafunk_corrupted_shrine, layout_rooms, temple_hall,
          nicolae_fountain_basement
D:8:      layout_loops_ring
D:9:      layout_gridville, lair_entry_dummy, hiddenorc2_lemuel,
          gammafunk_ghost_abyssal_escape, serial_park_tiny_2,
          nicolae_nh_oracle_at_delphi
D:10:     layout_roguey, amcnicky_altar_gilded, serial_demonic,
          serial_demonic_b, serial_demonic_c, serial_demonic_a, serial_demonic_d
D:11:     layout_gridville
D:12:     lemuel_bear_cage, layout_basic
D:13:     layout_long_grid, biasface_ghost_orc_armoury, minivault_28
D:14:     layout_basic, erik_vaults_1, roderic_st_hans_cross,
          gammafunk_ghost_berserking_beasts, roderic_batcave,
          hangedman_tell_no_tales, uniq_lodul
D:15:     grunt_enter_depths_snipers, layout_cave_pools, minivault_4,
          nicolae_uskayaw_en_pointe
Lair:1:   layout_regular_city, chequers_serial_rivers_micro_b
Lair:2:   layout_loops_ring, chequers_serial_rivers_micro_b,
          gammafunk_lair_bear_cave, infiniplex_staircase_pool, uniq_maggie
Lair:3:   layout_chaotic_city, minmay_swamp_entry_eels,
          guppyfry_snake_entry_garden, portal_ice_cave_entry_pillars_1,
          columned_hall_lemuel, serial_bayou_shore_a
Lair:4:   layout_gridlike, gammafunk_ghost_split, pdpol_lair_cavern_descent,
          grunt_megastairs_3
Lair:5:   minmay_lair_end_frog_pond, layout_regular_city,
          minmay_slime_entry_oklob_enclosed
Swamp:1:  layout_falls_marsh, nicolae_swamp_bean_lake
Swamp:2:  layout_basic_swamp, evilmike_swamp_ruin_house_4,
          infiniplex_staircase_pool_2
Swamp:3:  nicolae_swamp_ascending_descending_big, layout_basic_swamp,
          evilmike_swamp_ruin_rubble_1
Swamp:4:  swamp, layout_basic_swamp, swamp_pool4
Snake:1:  layout_cave_pods, gammafunk_ghost_split, serial_bayou_pond_d,
          uniq_agnes, uniq_aizul
Snake:2:  layout_basic, basic_altar
Snake:3:  gammafunk_sealed_library, layout_basic, gammafunk_ghost_split,
          lemuel_fruit_tree
Snake:4:  johnstein_snake_rune_scales, layout_misc_corridors, drop_trap,
          chequers_hall_statues_y, nicolae_snake_mages_go_home,
          grunt_megastairs_4
Orc:1:    layout_caves, serial_shops, nicolae_shop_hallway_plus,
          nicolae_orc_lava_room
Orc:2:    st_orc_congregation, layout_caves, basic_altar, uniq_urug
Vaults:1: ontoclasm_vaults_pinch, vaults_mumra_minichess,
          nicolae_vaults_know_your_exits, nicolae_vaults_network_periphery,
          nicolae_vaults_puzzle_piece, vaults_dpeg_diagonal, v_pattern_4,
          nicolae_vaults_yaktaur_gun_rack, layout_vaults_chaotic_city,
          enter_trove_3, uniq_donald
Vaults:2: ebering_ghost_rock_garden, minmay_crypt_entry_simple_plaza, st_eye,
          v_misc_8, v_misc_25, ontoclasm_vaults_claustrophobia,
          vaults_standard_mumra_lines, hangedman_vaults_snaps, v_misc_14,
          vaults_mumra_hex, hangedman_vaults_locks, nicolae_vaults_network_s,
          vaults_dpeg_ring, nicolae_vaults_little_ls, layout_vaults_ring,
          uniq_xtahua
Vaults:3: nicolae_vaults_border_crossing, ontoclasm_vaults_shuriken,
          nicolae_vaults_windows_and_doors_thing, v_misc_14,
          nicolae_vaults_what_the_h, ontoclasm_vaults_gateway,
          nicolae_vaults_theta, v_misc_3, vaults_mumra_lcd,
          nicolae_vaults_sealed_display, hangedman_vaults_stretched_pinwheel,
          layout_vaults_omnicross, serial_shops,
          nicolae_shop_competitors_out_of_business, shop, shop_fountains,
          nicolae_shop_statue_plus
Vaults:4: v_rooms_1, vaults_room_door_ring, v_pattern_5,
          vaults_room_fancy_cross, nicolae_vaults_theta,
          layout_vaults_quadrants, serial_shops, shop
Depths:1: layout_gridlike, kennysheep_small_spiral, minmay_room_of_horrors,
          hell_entry, hangedman_abyss_or_decor_jellyfish_corner,
          nicolae_water_bricks, nicolae_shop_sticking_my_neck_out
Depths:2: minmay_inner_zag, layout_cross, rand_demon_pan_entry_9,
          serial_co_window_serial, co_window_of_opportunity_a,
          co_window_paths_a, co_window_paths_a, co_window_corner_a,
          co_window_corner_a, co_window_corner_b, co_window_broadway_b,
          co_window_2corner, co_window_paths_c, glass_columns_c,
          glass_columns_b, glass_columns_a, glass_columns_c, hell_entry,
          infiniplex_staircase_spiral, uniq_sojobo
Depths:3: nicolae_cairo_tiling_large, layout_basic, enter_ziggurat_d,
          hell_entry, abyss_entry_small_statue_room,
          amcnicky_mini_rare_corridor_liquid, minmay_staircase_windowed_small
Depths:4: grunt_zot_entry_tricorne, layout_gridlike, good_gods_mini_temple,
          hell_entry, chequers_jeans, minmay_fractal_squares_diagonal_5,
          uniq_margery
Zot:1:    layout_gridville
Zot:2:    layout_basic, uniq_tiamat
Zot:3:    layout_cathedral_of_symmetry
Zot:4:    layout_gridlike
Zot:5:    layout_gridlike

Skill      XL: |  1  2  3  4  5  6  7  8  9 10 11 12 13 14 15 16 17 18 19 20 21 22 23 24 |
---------------+-------------------------------------------------------------------------+-----
Maces & Flails | 3 4 5 6 8 10 11 14 15 17 18 20 | 20.0
Throwing       | 1 2 4 5 7 9 12 17 | 17.3
Armour         | 3 4 7 12 13 15 17 19 20 21 25 27 | 27.0
Fighting       | 3 5 7 10 12 15 16 18 20 21 22 | 22.0
Dodging        | 2 3 4 7 12 13 14 | 14.6
Evocations     | 4 7 9 |  9.0

Action                     |  1- 3 |  4- 6 |  7- 9 | 10-12 | 13-15 | 16-18 | 19-21 | 22-24 || total
---------------------------+-------+-------+-------+-------+-------+-------+-------+-------++-------
  Melee: Mace              |    64 |       |       |       |       |       |       |       ||    64
         Tailslap          |     5 |    17 |    41 |    48 |   172 |   143 |   237 |   249 ||   912
         Flail             |     1 |   187 |   260 |    51 |       |       |       |       ||   499
         Punch             |       |     1 |     5 |       |       |       |       |       ||     6
         Great mace        |       |       |       |   366 |  1113 |  1052 |  1157 |  1176 ||  4864
         Kick              |       |       |       |       |       |       |       |   147 ||   147
  Throw: Boomerang         |     3 |       |       |     2 |       |       |       |       ||     5
         Throwing net      |       |       |       |     3 |     1 |       |       |       ||     4
         Dart              |       |       |       |     3 |       |       |       |       ||     3
 Invoke: Berserk           |     1 |       |       |     4 |    13 |     7 |     1 |    13 ||    39
         Brothers in Arms  |       |       |       |     1 |     1 |     3 |     2 |     4 ||    11
         Trog's Hand       |       |       |       |       |     1 |     4 |     3 |       ||     8
  Evoke: Wand              |       |       |       |     8 |       |       |     1 |       ||     9
         Box of beasts     |       |       |       |       |       |       |     1 |       ||     1
    Use: Scroll            |     4 |     6 |    11 |     5 |     7 |    12 |    17 |    12 ||    74
         Potion            |     1 |       |       |       |     2 |     2 |     7 |    13 ||    25
   Stab: Petrified         |       |       |       |       |     2 |       |       |       ||     2
         Distracted        |       |       |       |       |       |     3 |       |       ||     3
 Armour: Ring mail         |    27 |       |       |       |       |       |       |       ||    27
         Animal skin       |     2 |       |       |       |       |       |       |       ||     2
         Scale mail        |       |    92 |   108 |   151 |   404 |       |       |       ||   755
         Ice dragon scales |       |       |       |       |   371 |   808 |   630 |       ||  1809
         Gold dragon scale |       |       |       |       |       |       |   143 |  1389 ||  1532
  Dodge: Dodged            |    24 |    74 |    91 |   172 |   392 |   568 |   462 |   477 ||  2260
         Repelled          |       |       |       |       |       |       |     4 |    14 ||    18

Table legend: (Time is in decaauts)
 A = Elapsed time spent in this place.
 B = Non-inter-level travel time spent in this place.
 C = Inter-level travel time spent in this place.
 D = Time resting spent in this place.
 E = Time spent auto-exploring this place.
 F = Levels seen in this place.
 G = Mean time per level.
                   A        B        C        D        E       F      G
               +--------+--------+--------+--------+--------+-----+--------+
         Total |  52360 |  49792 |   2568 |  10461 |  27132 |  47 | 1114.0 |
       Dungeon |  14039 |  12891 |   1148 |   1124 |   9251 |  15 |  935.9 |
          Lair |   5432 |   5100 |    332 |    926 |   3081 |   5 | 1086.4 |
         Swamp |   3059 |   2908 |    151 |    894 |   1348 |   4 |  764.8 |
     Snake Pit |   5321 |   5046 |    275 |   1052 |   2744 |   4 | 1330.2 |
  Orcish Mines |   2315 |   2222 |     93 |    558 |   1007 |   2 | 1157.5 |
        Vaults |   7144 |   6831 |    313 |   1432 |   3831 |   4 | 1786.0 |
        Depths |   5356 |   5228 |    128 |    961 |   3158 |   4 | 1339.0 |
           Zot |   8443 |   8317 |    126 |   3359 |   2546 |   5 | 1688.6 |
         Abyss |    332 |    332 |      0 |      0 |      0 |   2 |  166.0 |
         Sewer |    181 |    181 |      0 |      0 |     41 |   1 |  181.0 |
      Ice Cave |    734 |    734 |      0 |    152 |    125 |   1 |  734.0 |
               +--------+--------+--------+--------+--------+-----+--------+

Top non-repeatable levels by time:
   Zot:4: 2187 daAuts
Vaults:2: 2147 daAuts
Vaults:1: 2000 daAuts
   Zot:5: 1792 daAuts
 Snake:4: 1718 daAuts
Depths:3: 1599 daAuts
   Zot:1: 1574 daAuts
Vaults:3: 1549 daAuts
   Zot:3: 1546 daAuts
Depths:2: 1527 daAuts
 Snake:3: 1517 daAuts
Vaults:4: 1447 daAuts
   Zot:2: 1344 daAuts
  Lair:5: 1315 daAuts
    D:13: 1314 daAuts
